 Dungeon Crawl Stone Soup version 0.27-a0-1579-g97d2440184 (webtiles) character file.

Game seed: 889873861032581954

274497 gimp the Executioner (level 21, -4/162 HPs)
             Began as a Formicid Wanderer on July 17, 2021.
             Was the Champion of Okawaru.
             Slain by an ironbound frostheart (15 damage)
             ... on level 1 of the Vaults.
             The game lasted 01:16:10 (34560 turns).

gimp the Executioner (Formicid Wanderer)           Turns: 34560, Time: 01:16:11

Health: -4/162     AC: 25    Str: 29    XL:     21   Next: 17%
Magic:  25/27      EV: 12    Int: 23    God:    Okawaru [******]
Gold:   2383       SH: 19    Dex:  8    Spells: 21/22 levels left

rFire    + . .     SeeInvis +   a - +9 battleaxe of Defiance {venom, rCorr Int+7}
rCold    + . .     Faith    .   N - +2 kite shield {rC+}
rNeg     . . .     Spirit   .   t - +4 chain mail {rF+}
rPois    +         Reflect  .   (helmet unavailable)
rElec    +         Harm     .   Z - scarf {shadows}
rCorr    +         Rampage  .   S - +0 pair of gloves of Pan-Flutes {rElec Int+2}
Will     ++++.     NoCast   +   o - +2 pair of boots "Pubepp" {-Cast Will+ Str+2 Stlth+}
Stlth    ..........             i - amulet of regeneration
HPRegen  1.37/turn              z - ring of willpower
MPRegen  0.20/turn              K - ring of poison resistance

@: heroic, studying 2 skills
A: permanent stasis, dig shafts and tunnels, antennae 3, four strong arms
}: 2/15 runes: barnacled, gossamer
a: Dig, Shaft Self, Renounce Religion, Heroism, Finesse


You were on level 1 of the Vaults.
You worshipped Okawaru.
Okawaru was exalted by your worship.
You visited 7 branches of the dungeon, and saw 33 of its levels.
You also visited: Ice Cave and Volcano.

You collected 2985 gold pieces.
You spent 602 gold pieces at shops.

Inventory:

Hand Weapons
 a - the +9 battleaxe of Defiance (weapon) {venom, rCorr Int+7}
   (You bought it in a shop on level 2 of the Shoals)

   It poisons the flesh of those it strikes.
   Int:       It affects your intelligence (+7).
   rCorr:     It protects you from acid and corrosion.
 b - a +1 battleaxe of flaming
 p - a +2 executioner's axe of freezing
Missiles
 n - 68 poisoned darts (quivered)
 r - 42 silver javelins
 u - 6 curare-tipped darts
 C - 23 javelins
 E - 13 throwing nets
Armour
 o - the +2 pair of boots "Pubepp" (worn) {-Cast Will+ Str+2 Stlth+}
   (Okawaru gifted it to you on level 15 of the Dungeon)

   Str:       It affects your strength (+2).
   -Cast:     It prevents spellcasting.
   Will:      It increases your willpower.
   Stlth:     It makes you more stealthy.
 t - a +4 chain mail of fire resistance (worn)
 N - a +2 kite shield of cold resistance (worn)
 P - a +1 tower shield of cold resistance
 S - the +0 pair of gloves of Pan-Flutes (worn) {rElec Int+2}
   (You bought it in a shop on level 2 of the Orcish Mines)

   Int:       It affects your intelligence (+2).
   rElec:     It insulates you from electricity.
 Z - a scarf of shadows (worn)
Jewellery
 i - an amulet of regeneration (around neck)
 z - a ring of willpower (left hand)
 A - a ring of fire
 F - a ring of positive energy
 K - a ring of poison resistance (right hand)
 L - a +6 ring of strength
 O - a ring of resist corrosion
Wands
 g - a wand of paralysis (15)
 v - a wand of iceblast (12)
 x - a wand of polymorph (28)
 G - a wand of flame (30)
 J - a wand of digging (16)
 M - a wand of acid (39)
 U - a wand of charming (5)
 V - a wand of mindburst (14)
Scrolls
 d - 4 scrolls of magic mapping
 m - 2 scrolls of summoning
 q - 2 scrolls of enchant armour
 s - 5 scrolls of fear
 w - 3 scrolls of enchant weapon
 y - 8 scrolls of identify
 D - 3 scrolls of brand weapon
 H - 6 scrolls of fog
 Y - a scroll of silence
Potions
 c - 6 potions of flight
 e - 2 potions of cancellation
 h - 7 potions of curing
 j - 5 potions of invisibility
 k - 6 potions of might
 l - 6 potions of mutation
 I - 3 potions of resistance
 T - a potion of magic
 X - 4 potions of ambrosia
Miscellaneous
 Q - a condenser vane (inert)
 R - a box of beasts
 W - a lightning rod (4/4)


   Skills:
 - Level 13.0(18.0) Fighting
 + Level 21.9(26.9) Axes
 - Level 1.0(6.0) Throwing
 + Level 16.7(21.7) Armour
 - Level 4.0(9.0) Dodging
 + Level 17.3(22.3) Shields
 - Level 1.1 Spellcasting
 - Level 1.7 Conjurations
 - Level 8.0 Invocations
 - Level 11.0 Evocations


You had 21 spell levels left.
You knew the following spells:

 Your Spells              Type           Power      Damage    Failure   Level
a - Shock                 Conj/Air       20%        1d4       26%         1

Your spell library contained the following spells:

 Spells                   Type           Power      Damage    Failure   Level
 Magic Dart               Conj           36%        1d4       17%         1
 Searing Ray              Conj           18%        3d3       26%         2
 Animate Skeleton         Necr           2%         N/A       34%         1
 Apportation              Tloc           2%         N/A       34%         1
 Corona                   Hex            1%         N/A       34%         1
 Freeze                   Ice            4%         1d3       34%         1
 Pain                     Necr           4%         1d4       34%         1
 Sandblast                Erth           2%         2d4       34%         1
 Summon Small Mammal      Summ           4%         N/A       34%         1
 Passwall                 Tmut/Erth      0%         N/A       47%         2
 Slow                     Hex            1%         N/A       47%         2
 Sublimation of Blood     Necr           0%         N/A       47%         2
 Stone Arrow              Conj/Erth      10%        3d7       58%         3
 Confusing Touch          Hex            1%         N/A       71%         3
 Frozen Ramparts          Ice            2%         1d2       71%         3
 Gell's Gravitas          Tloc           0%         N/A       71%         3
 Lesser Beckoning         Tloc           0%         N/A       71%         3
 Teleport Other           Tloc           1%         N/A       71%         3
 Tukima's Dance           Hex            1%         N/A       71%         3
 Vampiric Draining        Necr           0%         2d6       71%         3
 Fulminant Prism          Conj/Hex       2%         3d6       94%         4
 Hailstorm                Conj/Ice       5%         3d4       94%         4
 Airstrike                Air            0%         N/A       98%         4
 Ice Form                 Ice/Tmut       1%         N/A       98%         4
 Passage of Golubria      Tloc           N/A        N/A       98%         4
 Petrify                  Tmut/Erth      1%         N/A       98%         4
 Agony                    Necr           1%         N/A       100%        5
 Excruciating Wounds      Necr           0%         N/A       100%        5
 Irradiate                Conj/Tmut      2%         3d14      100%        5
 Lee's Rapid Deconstruct  Erth           0%         3d5*      100%        5
 Metabolic Englaciation   Hex/Ice        0%         N/A       100%        5
 Yara's Violent Unravell  Hex/Tmut       0%         3d3       100%        5
 Invisibility             Hex            0%         N/A       100%        6
 Simulacrum               Ice/Necr       0%         N/A       100%        6
 Statue Form              Tmut/Erth      0%         N/A       100%        6
 Malign Gateway           Summ/Tloc      0%         N/A       100%        7
 Summon Horrible Things   Summ           0%         N/A       100%        8
 Swiftness                Air            Unusable   N/A       N/A         3

Dungeon Overview and Level Annotations

Branches:
Dungeon (15/15)            Temple (1/1) D:6            Lair (6/6) D:8
 Shoals (4/4) Lair:3       Spider (4/4) Lair:4        Slime (0/5) Lair:5
    Orc (2/2) D:10            Elf (0/3) Orc:2        Vaults (1/5) D:13
 Depths (0/5) D:15          IceCv (visited)         Volcano (visited)

Altars:
Ashenzari
Cheibriados
Dithmenos
Elyvilon
Fedhas
Gozag
Hepliaklqana
Kikubaaqudgha
Makhleb
Nemelex Xobeh
Okawaru
Qazlal
Ru
Sif Muna
Trog
Uskayaw
Vehumet
Wu Jian
Xom
Yredelemnul
Zin
The Shining One
Beogh
Jiyva
Lugonu

Shops:
D:15 [   Orc:2 *?[*   Shoals:2 (

Portals:
Abyss: Lair:6
Trove: D:10 (give +5 demon whip)

Annotations:
D:12 2 transporters, DocClef's ghost, journeyman GnDe
Shoals:1 Roxanne


Innate Abilities, Weirdness & Mutations

You cannot be hasted, slowed, berserked, paralysed or teleported.
You can dig through walls and to a lower floor.
You have a pair of large antennae on your head. (SInv)
Your four strong arms can wield two-handed weapons with a shield.


Message History

The wizard seems to grow stronger.
The ironbound beastmaster is engulfed in blazing flames.
You block the ironbound beastmaster's attack.
The yaktaur is engulfed in blazing flames.
The lindwurm is engulfed in blazing flames.
You take 48 damage, and have 23/162 hp.
MASSIVE DAMAGE!!
Okay, then.
You feel much better.
The ironbound frostheart is engulfed in blazing flames.
The ironbound frostheart touches you!
* * * LOW HITPOINT WARNING * * *
The ironbound frostheart freezes you! You resist.
* * * LOW HITPOINT WARNING * * *
The wizard is engulfed in blazing flames.
You kill the wizard!
Okawaru accepts your kill.
The ironbound beastmaster is engulfed in blazing flames.
The ironbound beastmaster barely misses you.
The lindwurm is engulfed in blazing flames.
The ironbound convoker is engulfed in blazing flames.
The ironbound convoker closely misses you.
The necromancer is engulfed in blazing flames.
The necromancer hits you but does no damage.
The ironbound beastmaster is engulfed in blazing flames.
The ironbound beastmaster hits you with a +0 spear.
* * * LOW HITPOINT WARNING * * *
The yaktaur is engulfed in blazing flames.
The yaktaur unwields a +0 arbalest.
You block the yaktaur's attack.
The lindwurm is engulfed in blazing flames.
You regained 2 hp, and now have 25/162 hp.
You gain the combat prowess of a mighty hero.
You kill the necromancer!
Okawaru accepts your kill.
You kill the ironbound convoker!
Okawaru accepts your kill.
The ironbound frostheart is engulfed in blazing flames.
The ironbound frostheart touches you!
* * * LOW HITPOINT WARNING * * *
The ironbound frostheart freezes you! You resist.
You die...

########
........#..
........#. #§§....'
#§§....# #§§§§§§#
#.§§§k§# ..
#.§kc§p# ...
#.§§§@p# ....
#..§§p§#
....########..§§§§#
..................#
..................#
######
.......########...#
#....#
.......'......#...#
#....#
.....)†#......'...#
######..#
.......#......#...#
#....#..#


You could see an ironbound frostheart (extremely poisoned), 2 ironbound
beastmasters, 2 lindwurms and a yaktaur.

Vanquished Creatures
  Rupert (Lair:4)
  Jorgrun (D:14)
  The ghost of Beorghan the Bludgeoner, an adept MiBe of Trog (Spider:2)
  A kraken (Shoals:2)
  A tengu reaver (Vaults:1)
  Donald (Spider:1)
  A vault warden (Vaults:1)
  An orc warlord (D:10)
  A frost giant (IceCv)
  Aizul (Spider:3)
  7 emperor scorpions
  4 ghost moths
  A very ugly thing (Vaults:1)
  5 ironbound preservers (Vaults:1)
  Azrael (Spider:2)
  4 entropy weavers
  3 spark wasps
  A dire elephant (Vaults:1)
  6 merfolk javelineers
  An ettin (D:15)
  2 yaktaur captains (Vaults:1)
  6 merfolk impalers
  2 eleionomae (Shoals:3)
  A fire dragon (Volcano)
  Harold (Lair:2)
  7 hydras
  2 catoblepae
  6 vault guards
  6 centaur warriors
  A boulder beetle (D:13)
  An alligator snapping turtle (Shoals:4)
  6 merfolk aquamancers
  A merfolk avatar (Shoals:3)
  7 death yaks
  5 satyrs
  2 two-headed ogres
  A tengu warrior (D:15)
  2 ironbound beastmasters (Vaults:1)
  3 thrashing horrors (Lair:6)
  A skeletal warrior (D:13)
  11 deep trolls
  13 sea snakes
  A lindwurm (shapeshifter) (Lair:6)
  23 harpies
  6 lindwurms
  7 wizards
  11 orc sorcerers
  19 ugly things
  8 ironbound convokers (Vaults:1)
  31 orb spiders
  3 orc knights
  25 wolf spiders
  3 deep elf pyromancers
  A necromancer (Vaults:1)
  4 cyclopes
  2 large abominations (Lair:6)
  20 manticores
  23 fauns
  2 moths of wrath
  3 vault sentinels (Vaults:1)
  5 elephants
  6 black mambas
  2 smoke demons (Lair:6)
  4 torpor snails
  13 merfolk sirens
  7 water nymphs
  3 gargoyles
  An ice statue (IceCv)
  14 cane toads
  10 komodo dragons
  4 yaktaurs (Vaults:1)
  2 kobold demonologists (D:14)
  7 rime drakes
  17 demonic crawlers
  Psyche (D:6)
  An unseen horror (D:13)
  2 ancient zymes (Lair:6)
  3 meliai (D:13)
  A troll (shapeshifter) (D:13)
  3 trolls
  8 polar bears (IceCv)
  A wind drake (shapeshifter) (D:14)
  14 hornets
  A hornet (shapeshifter) (D:15)
  37 jumping spiders
  37 merfolk
  2 wind drakes
  29 blink frogs
  6 dream sheep
  15 snapping turtles
  16 slime creatures
  A redback (shapeshifter) (Lair:6)
  64 redbacks
  2 shadows
  8 wyverns
  18 water elementals
  29 tarantellas
  The ghost of SirFunk the Vexing, an amateur VSEn (D:5)
  9 basilisks
  5 wraiths
  A vampire (D:11)
  A basilisk (shapeshifter) (D:15)
  3 fire bats (Lair:2)
  54 yaks
  5 fire elementals (Spider:2)
  4 steam dragons
  17 vampire mosquitoes
  2 chaos spawn (Lair:6)
  7 wargs
  Edmund (D:6)
  2 acid dragons
  An acid dragon (shapeshifter) (D:13)
  3 hell hounds
  19 water moccasins
  26 orc warriors
  A hornet zombie (D:6)
  3 ice beasts
  4 ogres
  2 black bears (D:5)
  23 wolves
  10 centaurs
  4 kobold brigands
  7 bullfrogs
  2 gnoll sergeants (D:8)
  2 wyvern zombies
  7 scorpions
  16 killer bees (D:9)
  3 wights (D:9)
  3 electric eels
  A howler monkey (D:6)
  9 small abominations (Lair:6)
  A bullfrog zombie (D:5)
  2 centaur zombies
  A centaur skeleton (D:5)
  3 quasits (D:8)
  20 orc priests
  A water moccasin simulacrum (D:5)
  3 jellies (D:2)
  3 iguanas
  5 hell rats (Lair:6)
  41 orc wizards
  2 scorpion zombies (D:5)
  A killer bee zombie (D:7)
  2 centaur simulacra
  A bullfrog simulacrum (D:5)
  A hound zombie (D:5)
  2 hound skeletons
  A howler monkey zombie (D:7)
  11 gnolls
  7 adders
  2 hound simulacra (D:5)
  4 white imps
  An ufetubus (D:7)
  5 worms
  A dart slug (D:1)
  81 orcs
  4 ball pythons
  11 endoplasms
  5 giant cockroaches
  5 goblins
  2 hobgoblins
  4 jackals (D:1)
  3 quokkas
  2 bats (D:2)
  2 frilled lizards
  39 kobolds
  7 rats
  4 tentacles (Shoals:2)
1264 creatures vanquished.

Vanquished Creatures (collateral kills)
  Josephine (D:14)
  A wraith (D:14)
2 creatures vanquished.

Vanquished Creatures (others)
  An orb spider (Spider:2)
  A redback (Spider:2)
  4 orc wizards (Orc:2)
  4 orcs (Orc:2)
  27 fungi
  105 plants
  9 toadstools (D:2)
151 creatures vanquished.

Grand Total: 1417 creatures vanquished

Notes
Turn   | Place    | Note
-------+----------+-------------------------------------------
     0 | D:1      | gimp the Formicid Wanderer began the quest for the Orb.
     0 | D:1      | gimp set off with the following items: a +2 hand axe, a +0
                  | ring mail; and the following spell memorised: Shock; and
                  | the following spells available to memorise: Stone Arrow
     0 | D:1      | Reached XP level 1. HP: 16/16 MP: 2/2
   333 | D:1      | Reached XP level 2. HP: 23/23 MP: 3/3
   663 | D:1      | Reached skill level 2 in Axes
   663 | D:1      | Reached XP level 3. HP: 28/28 MP: 4/4
  1218 | D:2      | Found a faded altar of an unknown god.
  1369 | D:2      | Reached XP level 4. HP: 27/34 MP: 5/5
  1517 | D:2      | Reached skill level 3 in Axes
  1522 | D:2      | Reached XP level 5. HP: 28/41 MP: 6/6
  3469 | D:4      | Reached XP level 6. HP: 40/47 MP: 7/7
  3609 | D:4      | Reached skill level 4 in Axes
  4027 | D:4      | Found a broken altar of Ashenzari.
  4427 | D:5      | Entered Level 5 of the Dungeon
  4427 | D:5      | Noticed an orc warrior
  4488 | D:5      | Noticed an ogre
  4522 | D:4      | You fall into a shaft and drop 1 floor!
  4589 | D:4      | You fall into a shaft and drop 1 floor!
  4632 | D:5      | Reached XP level 7. HP: 46/54 MP: 8/8
  4676 | D:4      | You fall into a shaft and drop 2 floors!
  4725 | D:6      | Reached skill level 5 in Axes
  5168 | D:6      | Noticed Edmund
  5231 | D:6      | Killed Edmund
  5232 | D:6      | Reached skill level 5 in Fighting
  5232 | D:6      | Reached skill level 6 in Axes
  5232 | D:6      | Reached skill level 5 in Armour
  5232 | D:6      | Reached XP level 8. HP: 43/62 MP: 9/9
  5277 | D:6      | Found a staircase to the Ecumenical Temple.
  5292 | Temple   | Entered the Ecumenical Temple
  5531 | Temple   | Became a worshipper of Warmaster Okawaru
  5638 | D:5      | Found a basalt altar of Yredelemnul.
  5688 | D:5      | Found a runed translucent gate.
  5688 | D:5      | Found a runed translucent gate.
  5688 | D:5      | Found a runed translucent gate.
  5708 | D:5      | Noticed SirFunk's ghost (amateur VSEn)
  5956 | D:7      | You fall into a shaft and drop 3 floors!
  5956 | D:10     | Entered Level 10 of the Dungeon
  6034 | D:9      | Noticed a yak
  6034 | D:9      | Noticed a yak
  6034 | D:9      | Noticed a yak
  6034 | D:9      | Noticed a yak
  6038 | D:9      | Killed a yak
  6039 | D:9      | Reached skill level 1 in Invocations
  6043 | D:9      | Killed a yak
  6043 | D:9      | Reached * piety under Okawaru
  6044 | D:9      | Reached skill level 7 in Axes
  6047 | D:9      | Killed a yak
  6048 | D:9      | Reached XP level 9. HP: 45/69 MP: 10/10
  6142 | D:9      | Reached ** piety under Okawaru
  6143 | D:9      | Reached skill level 8 in Axes
  6163 | D:9      | Reached skill level 5 in Shields
  6322 | D:9      | Reached *** piety under Okawaru
  6323 | D:9      | Reached skill level 9 in Axes
  6604 | D:9      | Reached XP level 10. HP: 79/79 MP: 9/12
  6847 | D:9      | Reached skill level 10 in Axes
  6859 | D:9      | Reached **** piety under Okawaru
  6913 | D:9      | Received a gift from Okawaru
  7061 | D:9      | Reached skill level 5 in Invocations
  7190 | D:9      | Found a hide-covered altar of Uskayaw.
  7452 | D:9      | Found a snail-covered altar of Cheibriados.
  7643 | D:10     | Found a staircase to the Orcish Mines.
  7937 | D:10     | Noticed a gargoyle
  7938 | D:10     | Found a glowing golden altar of the Shining One.
  7963 | D:10     | Killed a gargoyle
  8016 | D:10     | Reached skill level 11 in Axes
  8016 | D:10     | Reached XP level 11. HP: 71/84 MP: 15/15
  8050 | D:10     | Identified the +1 war axe of Bececk {speed, rN+ Will-
                  | Dex+3}
  8230 | D:10     | Found a portal to a secret trove of treasure.
  8352 | D:11     | Noticed a cyclops
  8359 | D:11     | Killed a cyclops
  8500 | D:11     | Reached ***** piety under Okawaru
  8541 | D:11     | Noticed a white ugly thing
  8558 | D:11     | Killed a brown ugly thing
  8682 | D:11     | Noticed a cyclops
  8691 | D:11     | Killed a cyclops
  8691 | D:11     | Received a gift from Okawaru
  8980 | D:8      | Found a radiant altar of Vehumet.
  9093 | D:8      | Noticed Psyche
  9103 | D:8      | Reached skill level 12 in Axes
  9577 | D:8      | Found a hazy altar of Hepliaklqana.
  9657 | D:6      | Killed Psyche
 10021 | D:5      | Found a white marble altar of Elyvilon.
 10180 | D:5      | Killed SirFunk's ghost
 10314 | D:8      | Found a staircase to the Lair.
 10413 | D:8      | Found a stormy altar of Qazlal.
 10417 | D:8      | Received a gift from Okawaru
 10886 | Lair:1   | Entered Level 1 of the Lair of Beasts
 10917 | Lair:1   | Identified the +7 falchion of Kusud {vorpal, Str+4}
 10924 | Lair:1   | Identified the +6 war axe "Uhekur" {vorpal, rElec rN++
                  | Str-5 Dex+3}
 10930 | Lair:1   | Reached skill level 1 in Dodging
 10930 | Lair:1   | Reached XP level 12. HP: 91/91 MP: 18/18
 10954 | Lair:1   | Found an ancient bone altar of Kikubaaqudgha.
 11079 | Lair:1   | Received a gift from Okawaru
 11270 | Lair:1   | Reached skill level 13 in Axes
 11275 | Lair:1   | Reached skill level 10 in Shields
 11820 | Lair:1   | Noticed an eight-headed hydra
 12010 | Lair:1   | Killed an eight-headed hydra
 12293 | Lair:2   | Found a dark tunnel.
 12317 | Volcano  | Entered a volcano
 12485 | Volcano  | Noticed a fire dragon
 12508 | Volcano  | Killed a fire dragon
 12548 | Volcano  | Reached skill level 15 in Axes
 12548 | Volcano  | Reached XP level 13. HP: 96/96 MP: 19/19
 12804 | Lair:2   | Noticed Harold
 12824 | Lair:2   | Killed Harold
 12867 | Lair:2   | Received a gift from Okawaru
 12988 | Lair:2   | Reached XP level 14. HP: 87/103 MP: 20/20
 13504 | Lair:3   | Reached skill level 16 in Axes
 14355 | Lair:3   | Found a staircase to the Shoals.
 14854 | Lair:4   | Reached ****** piety under Okawaru
 14867 | Lair:4   | Noticed Rupert
 14880 | Lair:4   | Killed Rupert
 14899 | Lair:4   | Found a hole to the Spider Nest.
 15573 | Lair:5   | Reached skill level 17 in Axes
 15583 | Lair:5   | Received a gift from Okawaru
 15950 | Lair:5   | Reached XP level 15. HP: 101/108 MP: 21/21
 15975 | Lair:5   | Found an opulent altar of Gozag.
 15977 | Lair:5   | Found a viscous altar of Jiyva.
 15978 | Lair:5   | Found a staircase to the Slime Pits.
 16347 | Lair:6   | Entered Level 6 of the Lair of Beasts
 16351 | Lair:6   | Found a frozen archway.
 16429 | IceCv    | Entered an ice cave
 16681 | IceCv    | Received a gift from Okawaru
 16993 | IceCv    | Reached skill level 18 in Axes
 17021 | IceCv    | Noticed a frost giant
 17030 | IceCv    | Killed a frost giant
 17349 | Lair:6   | Reached skill level 10 in Armour
 17606 | Lair:6   | Received a gift from Okawaru
 17611 | Lair:6   | Found a corrupted altar of Lugonu.
 17611 | Lair:6   | Found a one-way gate to the infinite horrors of the Abyss.
 17761 | Lair:6   | Received a gift from Okawaru
 17815 | Lair:6   | Reached XP level 16. HP: 81/115 MP: 22/22
 18487 | Orc:1    | Entered Level 1 of the Orcish Mines
 19044 | Orc:2    | Entered Level 2 of the Orcish Mines
 19091 | Orc:2    | Found a staircase to the Elven Halls.
 19584 | Orc:2    | Found Otishrij's Armour Shoppe.
 19596 | Orc:2    | Found Zouqoeng's Assorted Antiques.
 19660 | Orc:2    | Found Ixkul's Assorted Antiques.
 19681 | Orc:2    | Bought a pair of steaming gloves for 247 gold pieces
 19681 | Orc:2    | Identified the +0 pair of gloves of Pan-Flutes {rElec
                  | Int+2} (You bought it in a shop on level 2 of the Orcish
                  | Mines)
 19740 | Orc:2    | Found Onisyjim's Magic Scroll Boutique.
 19767 | Orc:2    | Bought a scroll of magic mapping for 45 gold pieces
 19823 | Orc:2    | Reached skill level 19 in Axes
 20329 | D:12     | Found a transporter.
 20357 | D:12     | Found a transporter.
 20361 | D:12     | Noticed DocClef's ghost (journeyman GnDe)
 20459 | D:12     | Found a blossoming altar of Fedhas.
 21363 | D:13     | Found a gate to the Vaults.
 21398 | D:13     | Received a gift from Okawaru
 21880 | D:14     | Noticed Jorgrun
 21893 | D:14     | Killed Jorgrun
 21901 | D:14     | Noticed Josephine
 21914 | D:14     | Killed Josephine
 21941 | D:14     | Reached skill level 15 in Shields
 22335 | D:14     | Reached skill level 1 in Evocations
 22356 | D:14     | Reached XP level 17. HP: 110/120 MP: 23/23
 22639 | D:15     | Entered Level 15 of the Dungeon
 22679 | D:15     | Found Otuoph's Antique Armour Shop.
 22709 | D:15     | Identified the +2 pair of boots "Pubepp" {-Cast Will+ Str+2
                  | Stlth+} (Okawaru gifted it to you on level 15 of the
                  | Dungeon)
 22709 | D:15     | Received a gift from Okawaru
 22870 | D:15     | Found a staircase to the Depths.
 23393 | D:15     | Reached skill level 20 in Axes
 23446 | D:15     | Found a shadowy altar of Dithmenos.
 23886 | Spider:1 | Entered Level 1 of the Spider Nest
 23973 | Lair:4   | HP: 5/120 [redback (10)]
 24426 | Spider:1 | Reached skill level 5 in Evocations
 24488 | Spider:1 | Noticed Donald
 24514 | Spider:1 | Killed Donald
 24812 | Spider:2 | Identified the +9 battleaxe "Vuw Puoz" {vorpal, *Corrode
                  | rF++ Int+6} (Okawaru gifted it to you on level 2 of the
                  | Spider Nest)
 24812 | Spider:2 | Received a gift from Okawaru
 24822 | Spider:2 | Noticed Azrael
 24832 | Spider:2 | Killed Azrael
 25086 | Spider:2 | Reached XP level 18. HP: 120/131 MP: 24/24
 25404 | Spider:2 | Found a runed translucent door.
 25405 | Spider:2 | Noticed Beorghan's ghost (adept MiBe)
 25528 | Spider:2 | Killed Beorghan's ghost
 25536 | Spider:2 | Identified the +0 pair of boots of a volcano {rPois}
 25621 | Spider:2 | Received a gift from Okawaru
 27079 | Spider:4 | Entered Level 4 of the Spider Nest
 27494 | Spider:4 | Noticed Aizul
 27581 | Spider:4 | Reached skill level 10 in Fighting
 27615 | Spider:3 | Killed Aizul
 27806 | Spider:3 | Received a gift from Okawaru
 28286 | Spider:4 | Reached XP level 19. HP: 99/142 MP: 25/25
 28556 | Spider:4 | Got a gossamer rune of Zot
 29034 | Shoals:1 | Entered Level 1 of the Shoals
 29060 | Lair:3   | HP: 4/134 [sea snake (8)]
 29337 | Shoals:1 | Noticed Roxanne
 29490 | Shoals:1 | Reached skill level 21 in Axes
 29939 | Shoals:2 | Received a gift from Okawaru
 30286 | Shoals:2 | Reached skill level 10 in Evocations
 30377 | Shoals:2 | Reached skill level 15 in Armour
 30477 | Shoals:2 | Found Foucole's Antique Weapon Shop.
 30490 | Shoals:2 | Bought a masterwork battleaxe for 310 gold pieces
 30490 | Shoals:2 | Identified the +9 battleaxe of Defiance {venom, rCorr
                  | Int+7} (You bought it in a shop on level 2 of the Shoals)
 31609 | Shoals:3 | Reached XP level 20. HP: 135/153 MP: 26/26
 31624 | Shoals:3 | Received a gift from Okawaru
 32193 | Shoals:4 | Entered Level 4 of the Shoals
 33175 | Shoals:4 | Got a barnacled rune of Zot
 33666 | Vaults:1 | Entered Level 1 of the Vaults
 33715 | Vaults:1 | Received a gift from Okawaru
 34329 | Vaults:1 | Reached XP level 21. HP: 162/162 MP: 27/27
 34560 | Vaults:1 | Slain by an ironbound frostheart

Illustrated notes

Levels and vault maps discovered:
D:1:      dpeg_arrival_chambers_temple_mockup, layout_basic
D:2:      cheibrodos_fertilizer, layout_loops_cross,
          dreamdust_ecumenical_altar_angels_and_demons, serial_park_tiny_pond
D:3:      layout_loops_ring
D:4:      layout_basic, nicolae_ashenzari_skybound, hangedman_decor_opposing
D:5:      minmay_diamond_boxcup, layout_loops_ring, amcnicky_altar_gilded,
          mainiacjoe_overflow_cross_hatched, gammafunk_ghost_icy,
          uniq_crazy_yiuf_cottage
D:6:      layout_cave_pools, minmay_temple_entry_nine_rooms, uniq_edmund
D:7:      layout_loops_cross
D:8:      cheibrodos_quashed, layout_gridville, lemuel_round_altar,
          nicolae_vehumet_altar_sigil, mainiacjoe_overflow_paths,
          david_lair_shrubbed, uniq_psyche
D:9:      layout_stronghold, nicolae_uskayaw_dance_studio, chei_slow_surprise
D:10:     layout_roguey, mainiacjoe_overflow_catwalk, orc_0_dummy, enter_trove_3
D:11:     layout_roguey, minmay_microvault
D:12:     layout_irregular_city, gammafunk_ghost_arena, fedhas_altar_2
D:13:     layout_roguey, lightli_vaults_fourway_checkpoint
D:14:     layout_basic, hangedman_decor_riveting, minivault_4, uniq_jorgrun,
          uniq_josephine
D:15:     hangedman_depths_entry_civil_slaughter, layout_small_grid,
          serial_shops, nicolae_lakefront_shop, roderic_filled_cross,
          grunt_dithmenos_shadows
Temple:   nicolae_temple_figure_eight
Lair:1:   wad_woods_stonehenge, layout_misc_corridors,
          chequers_serial_rivers_micro_a
Lair:2:   layout_gridlike, enter_volcano_4, beast_lair_carwin_3,
          infiniplex_staircase_pool, uniq_harold
Lair:3:   layout_regular_city, elwin_shoals_entry_rooms, minivault_23,
          chequers_serial_rivers_micro_e, grunt_megastairs_1
Lair:4:   layout_regular_city, nicolae_spider_entry_non_spiders,
          grunt_megastairs_5, uniq_rupert
Lair:5:   layout_regular_city, slime_altar_1, basic_altar, serial_bayou_pond_e
Lair:6:   hellmonk_lair_end_abyssal_woods, layout_misc_corridors,
          portal_ice_cave_entry_pillars_1
Shoals:1: layout_shoals, uniq_roxanne
Shoals:2: layout_shoals, serial_shops, nicolae_shop_competitors_out_of_business,
          nicolae_shoals_isolated_beach
Shoals:3: layout_shoals, nicolae_shoals_enchanted_isle
Shoals:4: shoals_end_simple, layout_shoals
Spider:1: layout_spider_delve, uniq_donald
Spider:2: layout_spider_delve, ebering_ghost_reflecting_pool, uniq_azrael
Spider:3: layout_chambers
Spider:4: guppyfry_spider_rune, nicolae_spider_bzzzt, uniq_aizul
Orc:1:    layout_caves
Orc:2:    st_orc_town, layout_caves, basic_altar
Vaults:1: grunt_vaults_hallway_short, vaults_room_hangedman_quadrants,
          nicolae_vaults_ninety_degrees, hangedman_vaults_corner,
          vaults_mumra_chevron, hangedman_vaults_stagger, vaults_dpeg_hooks,
          nicolae_vaults_big_angled_halls, v_misc_28, layout_vaults_big_room

Skill      XL: |  1  2  3  4  5  6  7  8  9 10 11 12 13 14 15 16 17 18 19 20 21 |
---------------+----------------------------------------------------------------+-----
Axes           | 2 3 4 6 7 9 11 12 15 17 18 19 20 21 | 21.9
Fighting       | 3 4 5 7 8 10 12 13 | 13.0
Armour         | 3 4 5 8 10 11 13 14 15 16 | 16.7
Shields        | 2 5 7 9 10 12 13 15 16 17 | 17.3
Invocations    | 2 5 8 |  8.0
Dodging        | 1 4 |  4.0
Evocations     | 1 6 8 10 11 | 11.0
Throwing       | |  1.0
Spellcasting   | |  1.1
Conjurations   | |  1.7

Action                   |  1- 3 |  4- 6 |  7- 9 | 10-12 | 13-15 | 16-18 | 19-21 || total
-------------------------+-------+-------+-------+-------+-------+-------+-------++-------
Melee: Hand axe          |    69 |   195 |   272 |   338 |       |       |       ||   874
       Broad axe         |       |       |       |   316 |   691 |   605 |       ||  1612
       War axe           |       |       |       |    69 |       |       |       ||    69
       Whip              |       |       |       |     6 |       |       |       ||     6
       Battleaxe         |       |       |       |       |   150 |   889 |   940 ||  1979
Throw: Dart              |       |       |       |     6 |       |    21 |     8 ||    35
Invok: Heroism           |       |       |     3 |    10 |     5 |     8 |    13 ||    39
       Finesse           |       |       |       |       |     3 |     3 |     6 ||    12
 Abil: Shaft Self        |       |     2 |     1 |       |       |       |       ||     3
       Dig               |       |     1 |     1 |    10 |     3 |    10 |     1 ||    26
Evoke: Wand              |       |       |       |     1 |     4 |    20 |    12 ||    37
       Box of beasts     |       |       |       |       |       |     1 |       ||     1
       Condenser vane    |       |       |       |       |       |     1 |     4 ||     5
       Lightning rod     |       |       |       |       |       |       |     1 ||     1
  Use: Scroll            |     3 |    12 |     3 |     8 |       |     3 |     1 ||    30
       Potion            |       |     1 |     4 |     1 |     2 |     5 |     3 ||    16
 Stab: Invisible         |       |       |       |     1 |       |       |       ||     1
       Distracted        |       |       |       |       |       |     1 |       ||     1
Armor: Ring mail         |    24 |    28 |       |       |       |       |       ||    52
       Skin              |       |    13 |       |     1 |       |       |       ||    14
       Chain mail        |       |    85 |    97 |    56 |   226 |   734 |   371 ||  1569
       Plate armour      |       |       |    21 |   270 |       |       |       ||   291
Dodge: Dodged            |    48 |    78 |    88 |   185 |   192 |   457 |   270 ||  1318
Block: Kite shield       |       |       |    85 |   431 |   435 |  1146 |   809 ||  2906

Table legend: (Time is in decaauts)
 A = Elapsed time spent in this place.
 B = Non-inter-level travel time spent in this place.
 C = Inter-level travel time spent in this place.
 D = Time resting spent in this place.
 E = Time spent auto-exploring this place.
 F = Levels seen in this place.
 G = Mean time per level.
                   A        B        C        D        E       F      G
               +--------+--------+--------+--------+--------+-----+--------+
         Total |  33820 |  31014 |   2806 |   2056 |  20388 |  35 |  966.3 |
       Dungeon |  14929 |  13248 |   1681 |    602 |   9497 |  15 |  995.3 |
        Temple |    275 |    208 |     67 |      0 |    188 |   1 |  275.0 |
          Lair |   6553 |   6077 |    476 |    337 |   4337 |   6 | 1092.2 |
        Shoals |   4197 |   4046 |    151 |    562 |   2204 |   4 | 1049.2 |
   Spider Nest |   4481 |   4134 |    347 |    518 |   2297 |   4 | 1120.2 |
  Orcish Mines |   1459 |   1388 |     71 |      0 |    893 |   2 |  729.5 |
        Vaults |    829 |    819 |     10 |      2 |    561 |   1 |  829.0 |
      Ice Cave |    816 |    816 |      0 |     34 |    365 |   1 |  816.0 |
       Volcano |    277 |    277 |      0 |      0 |     43 |   1 |  277.0 |
               +--------+--------+--------+--------+--------+-----+--------+

Top non-repeatable levels by time:
Spider:3: 1926 daAuts
     D:9: 1691 daAuts
  Lair:3: 1422 daAuts
     D:2: 1413 daAuts
Shoals:3: 1354 daAuts
     D:1: 1305 daAuts
     D:8: 1299 daAuts
  Lair:4: 1293 daAuts
Spider:4: 1135 daAuts
Shoals:4: 1108 daAuts
     D:4: 1063 daAuts
  Lair:6: 1000 daAuts
  Lair:1: 989 daAuts
   Orc:2: 979 daAuts
    D:15: 964 daAuts
